 Dungeon Crawl Stone Soup version 0.22.1-2-g9c5b331 (webtiles) character file.

165 Monzz the Chopper (level 5, -5/47 HPs)
             Began as a Hill Orc Monk on Dec 15, 2018.
             Was a Believer of Beogh.
             Slain by Grinder (7 damage)
             ... on level 3 of the Dungeon.
             The game lasted 00:09:21 (3086 turns).

Monzz the Chopper (Hill Orc Monk)                   Turns: 3086, Time: 00:09:22

Health: -5/47      AC:  3    Str: 15    XL:     5   Next: 46%
Magic:  5/5        EV: 13    Int: 10    God:    Beogh [**....]
Gold:   137        SH:  0    Dex: 13    Spells: 4/4 levels left

rFire    . . .     SeeInvis .   a - +0 hand axe
rCold    . . .     Gourm    .   (no shield)
rNeg     . . .     Faith    .   b - +0 robe
rPois    .         Spirit   .   (no helmet)
rElec    .         Reflect  .   v - +0 cloak
rCorr    .         Harm     .   (no gloves)
MR       .....                  (no boots)
Stlth    ++........             (no amulet)
HPRegen  0.15/turn              (no ring)
MPRegen  0.09/turn              (no ring)

@: flying
A: no striking features
a: Smiting, Renounce Religion


You were on level 3 of the Dungeon.
You worshipped Beogh.
Beogh was pleased with you.
You were not hungry.

You visited 1 branch of the dungeon, and saw 3 of its levels.

You collected 137 gold pieces.

Inventory:

Hand Weapons
 a - a +0 hand axe (weapon)
Armour
 b - a +0 robe (worn)
 v - a +0 cloak (worn)
Jewellery
 l - an uncursed amulet of the acrobat {unknown}
 s - a cursed ring of teleportation {unknown}
 t - an uncursed amulet of the gourmand {unknown}
Scrolls
 d - 3 scrolls of remove curse
 e - a scroll of magic mapping
 i - a scroll of random uselessness {unknown}
 k - a scroll of fog {unknown}
 o - 3 scrolls of immolation {unknown}
 q - a scroll of teleportation
 r - a scroll of enchant armour {unknown}
 x - a scroll of identify {unknown}
Potions
 f - a potion of cancellation {unknown}
 g - 2 potions of might {unknown}
 h - 2 potions of mutation {unknown}
 j - a potion of resistance {unknown}
 m - a potion of flight
 n - 3 potions of curing {unknown}
 p - 3 potions of heal wounds {unknown}
 u - a potion of magic {unknown}
 w - a potion of brilliance {unknown}
Comestibles
 c - 6 rations


   Skills:
 + Level 4.7 Fighting
 + Level 5.8 Axes
 + Level 3.2 Dodging
 + Level 2.2 Stealth


You had 4 spell levels left.
You didn't know any spells.
Your spell library was empty.

Dungeon Overview and Level Annotations

Branches:
Dungeon (3/15)

Altars:
Cheibriados
Trog

Annotations:
D:3 Grinder


Message History

You closely miss Grinder.
Grinder is moderately wounded.
Grinder closely misses you.
You hit Grinder.
Grinder is moderately wounded.
Grinder hits you.
You hit Grinder.
Grinder is moderately wounded.
Grinder says, "My boss said I was rubbish.
His entrails said otherwise."
Grinder hits you.
You writhe in agony.
You hit Grinder.
Grinder is heavily wounded.
Grinder hits you!
* * * LOW HITPOINT WARNING * * *
You writhe in agony.
* * * LOW HITPOINT WARNING * * *
It was a potion of flight.
You feel very buoyant.
You fly up into the air.
Grinder hits you!
You die...

#######
#.....####..
#.........>.
#..5...# .#
#...@..# .#
#......###.#
######...#.#
###...# #..##
#..# ##.#
#### #.####
#...
#....#####..<


You could see Grinder.

Vanquished Creatures
  5 adders
  3 oozes
  An adder skeleton (D:3)
  2 worms
  2 dart slugs (D:1)
  3 leopard geckos
  3 orcs (D:3)
  2 ball pythons
  2 giant cockroaches
  13 goblins
  12 hobgoblins
  3 jackals
  A quokka (D:3)
  7 bats
  5 frilled lizards
  10 kobolds
  A quokka zombie (D:3)
  12 rats
87 creatures vanquished.

Vanquished Creatures (others)
  An adder zombie (D:3)
  A kobold (D:3)
  A quokka skeleton (D:3)
3 creatures vanquished.

Grand Total: 90 creatures vanquished

Notes
Turn   | Place    | Note
-------+----------+-------------------------------------------
     0 | D:1      | Monzz the Hill Orc Monk began the quest for the Orb.
     0 | D:1      | Reached XP level 1. HP: 19/19 MP: 1/1
   489 | D:1      | Reached XP level 2. HP: 27/27 MP: 2/2
   908 | D:1      | Found a snail-covered altar of Cheibriados.
  1041 | D:1      | Reached XP level 3. HP: 33/33 MP: 3/3
  1432 | D:2      | Reached skill level 5 in Axes
  1646 | D:2      | Reached XP level 4. HP: 32/40 MP: 4/4
  1839 | D:2      | Noticed a moth of wrath
  1842 | D:2      | Found a bloodstained altar of Trog.
  2294 | D:2      | Reached XP level 5. HP: 13/47 MP: 5/5
  2801 | D:3      | Became a worshipper of Beogh the Brigand
  2801 | D:3      | Reached * piety under Beogh
  2801 | D:3      | Reached ** piety under Beogh
  3072 | D:3      | Noticed Grinder
  3079 | D:3      | Paralysed by Grinder for 2 turns
  3085 | D:3      | HP: 2/47 [Grinder (5)]
  3086 | D:3      | Slain by Grinder

Skill      XL: |  1  2  3  4 |
---------------+-------------+-----
Fighting       | 4 |  4.7
Axes           | 5 |  5.8
Dodging        | 3 |  3.2
Stealth        | 2 |  2.2

Action                   |  1- 3 |  4- 6 || total
-------------------------+-------+-------++-------
Melee: Hand axe          |   128 |   187 ||   315
Invok: Convert to Beogh  |       |     1 ||     1
  Use: Scroll            |     3 |       ||     3
       Potion            |       |     1 ||     1
 Stab: Sleeping          |     4 |     2 ||     6
       Distracted        |       |     2 ||     2
  Eat: Chunk             |     2 |     5 ||     7
Armor: Robe              |     9 |    25 ||    34
Dodge: Dodged            |    97 |   128 ||   225
